 Dungeon Crawl Stone Soup version 0.22-a0-580-gd5db89c (webtiles) character file.

256 Hebeh the Chopper (level 5, -2/47 HPs)
             Began as a Minotaur Fighter on July 3, 2018.
             Slain by a gnoll shaman
             ... wielding a +0 whip
              (8 damage)
             ... on level 4 of the Dungeon.
             The game lasted 00:09:02 (2227 turns).

Hebeh the Chopper (Minotaur Fighter)                Turns: 2227, Time: 00:09:03

Health: -2/47      AC:  8    Str: 22    XL:     5   Next: 92%
Magic:  4/4        EV:  7    Int:  5    God:
Gold:   112        SH: 10    Dex: 15    Spells: 4/4 levels left

rFire    . . .     SeeInvis .   a - +0 war axe
rCold    . . .     Gourm    .   c - +0 shield
rNeg     . . .     Faith    .   g - +0 scale mail
rPois    .         Spirit   .   (helmet restricted)
rElec    .         Reflect  .   (no cloak)
rCorr    .         Harm     .   (no gloves)
MR       .....                  r - +0 pair of boots
Stlth    ..........             (no amulet)
HPRegen  0.15/turn              k - +6 ring of dexterity
MPRegen  0.09/turn              (no ring)

@: no status effects
A: retaliatory headbutt, horns 2
a: no special abilities


You were on level 4 of the Dungeon.
You were hungry.

You visited 1 branch of the dungeon, and saw 4 of its levels.
You also visited: Sewer.

You collected 112 gold pieces.

Inventory:

Hand Weapons
 a - a +0 war axe (weapon)
 b - a +0 hunting sling
Missiles
 m - 14 javelins (quivered)
 s - 43 sling bullets
Armour
 c - a +0 shield (worn)
 g - a +0 scale mail (worn)
 r - a +0 pair of boots (worn)
Jewellery
 k - a +6 ring of dexterity (left hand)
Scrolls
 i - 3 scrolls of immolation {unknown}
 j - 10 scrolls of identify {unknown}
 l - 5 scrolls of teleportation {unknown}
 n - 2 scrolls of amnesia {unknown}
 o - a scroll of fog {unknown}
 p - a scroll of remove curse {unknown}
 w - a scroll of fear {unknown}
Potions
 d - a potion of might
 e - a potion of agility {unknown}
 h - 4 potions of curing {unknown}
 q - a potion of cancellation {unknown}
 t - a potion of resistance {unknown}
 v - a potion of heal wounds {unknown}
 x - a potion of brilliance {unknown}
 z - a potion of mutation {unknown}
 A - 2 potions of flight {unknown}
Comestibles
 f - 7 rations
 u - 4 chunks of flesh


   Skills:
 + Level 4.7 Fighting
 * Level 5.0 Axes
 + Level 0.6 Slings
 + Level 4.8 Armour
 + Level 4.8 Shields


You had 4 spell levels left.
You didn't know any spells.
Your spell library contained the following spells:

 Spells                   Type           Power        Failure   Level  Hunger
 Apportation              Tloc           #.....       99%         1    ##.....
 Summon Small Mammal      Summ           #...         99%         1    ##.....
 Animate Skeleton         Necr           N/A          99%         1    ##.....
 Confusing Touch          Hex            #.....       99%         1    ##.....


Dungeon Overview and Level Annotations

Branches:
Dungeon (4/15)
 Temple: D:4-7

Altars:


Innate Abilities, Weirdness & Mutations

You reflexively headbutt those who attack you in melee.
You have a pair of horns on your head.


Message History

You kill the iguana!
Your Axes skill increases to level 5!
The gnoll hits you from afar with a spear.
* * * LOW HITPOINT WARNING * * *
The gnoll shaman hits you but does no damage.
You hit the gnoll shaman.
The gnoll shaman is lightly wounded.
The gnoll hits you but does no damage.
The gnoll shaman invokes the aid of its god against you.
You resist with some effort. The gnoll misses you.
The gnoll shaman barely misses you.
The gnoll shaman calls upon its god to speed up the gnoll.
The gnoll seems to speed up.
The gnoll shaman invokes the aid of its god against you.
You resist with some effort. You block the gnoll's attack.
The gnoll hits you but does no damage. The gnoll hits you but does no damage.
The gnoll shaman hits you with a whip!
You die...

#.# #..####.#.#
#.# ##..# #.#.#
#.# >..# #...#
#.# #.#.####..##
... ..#.......#
... #####...#..#
##..#g.#
#).gg.##
#.@#...##
#.<.##...####.#
#...##........#
....####..######
.###. ###..#
....##.##g).## .
#......g###
###.##.......#
...#####..#


You could see a gnoll shaman and 2 gnolls.

Vanquished Creatures
  A big kobold (Sewer)
  An iguana (D:4)
  A gnoll (D:4)
  4 adders
  2 river rats (Sewer)
  An adder skeleton (D:3)
  3 worms
  3 leopard geckos
  5 orcs (D:3)
  6 ball pythons
  5 giant cockroaches
  4 goblins
  8 hobgoblins
  6 jackals
  A quokka (D:3)
  4 bats
  3 frilled lizards
  A jackal zombie (D:4)
  17 kobolds
  7 rats
83 creatures vanquished.

Notes
Turn   | Place    | Note
-------+----------+-------------------------------------------
     0 | D:1      | Hebeh the Minotaur Fighter began the quest for the Orb.
     0 | D:1      | Reached XP level 1. HP: 19/19 MP: 0/0
   278 | D:1      | Reached XP level 2. HP: 27/27 MP: 1/1
   413 | D:1      | Reached skill level 3 in Axes
   673 | D:2      | Reached XP level 3. HP: 31/33 MP: 2/2
   973 | D:2      | Reached XP level 4. HP: 37/40 MP: 3/3
  1361 | D:3      | Reached skill level 4 in Axes
  1639 | D:3      | Found a glowing drain.
  1671 | Sewer    | Entered a sewer
  1729 | Sewer    | Noticed a big kobold
  1740 | Sewer    | Killed a big kobold
  1740 | Sewer    | Reached XP level 5. HP: 42/47 MP: 4/4
  1764 | Sewer    | Found a white marble altar of Elyvilon.
  2215 | D:4      | Reached skill level 5 in Axes
  2227 | D:4      | Slain by a gnoll shaman

Vault maps used:
D:1:      erik_arrival_triangle_medium
D:2:      st_stairs_9, minivault_24
D:3:      first_ration, portal_sewer_entry_a
D:4:      kennysheep_spiral_hall, temple_hall, uniq_grinder
Sewer:    sewer_kobolds

Skill      XL: |  1  2  3  4  5 |
---------------+----------------+-----
Axes           | 3 4 5 |  5.0
Armour         | 4 |  4.8
Fighting       | 4 |  4.7
Shields        | 4 |  4.8
Slings         | |  0.6

Action                   |  1- 3 |  4- 6 || total
-------------------------+-------+-------++-------
Melee: War axe           |    78 |    99 ||   177
       Headbutt          |     7 |    20 ||    27
  Eat: Chunk             |       |     4 ||     4
Armor: Scale mail        |    38 |    50 ||    88
Dodge: Dodged            |    31 |    32 ||    63
Block: Shield            |    49 |    55 ||   104

Table legend:
 A = Spawn XP
 B = Non-spawn XP
 C = Spawn XP percentage of total XP
 D = Spawn monster count
 E = Non-spawn monster count
 F = Spawn count percentage of total count
 G = Total turns spent on level
                    A         B        C        D         E        F      G
               +---------+---------+-------+---------+---------+-------+---------
         Total |       0 |     366 |   0.0 |       0 |      83 |   0.0 |  2227
               +---------+---------+-------+---------+---------+-------+---------
           D:1 |       0 |      21 |   0.0 |       0 |      12 |   0.0 |   521
           D:2 |       0 |      86 |   0.0 |       0 |      26 |   0.0 |   746
           D:3 |       0 |      71 |   0.0 |       0 |      28 |   0.0 |   754
           D:4 |       0 |      56 |   0.0 |       0 |       5 |   0.0 |    69
         Sewer |       0 |     132 |   0.0 |       0 |      12 |   0.0 |   137
               +---------+---------+-------+---------+---------+-------+---------
